 Dungeon Crawl Stone Soup version 0.29.1-15-g9cfb28693d (webtiles) character file.

Game seed: 9097701918912352642

563 firemarshallily the Covert (level 7, 0/47 HPs)
             Began as an Octopode Brigand on Apr 17, 2023.
             Slain by a jelly (2 damage)
             ... on level 5 of the Dungeon.
             The game lasted 00:09:37 (3924 turns).

firemarshallily the Covert (Octopode Brigand)       Turns: 3924, Time: 00:09:38

Health: 0/47       AC: -3    Str: 16    XL:     7   Next: 32%
Magic:  0/7        EV: 12    Int: 20    God:
Gold:   231        SH:  0    Dex: 15    Spells: 6/6 levels left

rFire   . . .      SeeInvis .   a - +2 dagger
rCold   . . .      Faith    .   (no shield)
rNeg    . . .      Spirit   +   (helmet restricted)
rPois   .          Reflect  .   q - amulet of guardian spirit
rElec   .          Harm     .   n - +6 ring of strength
rCorr   .          Rampage  .   i - +6 ring of intelligence
Will    .....                   (no ring)
Stlth   +++++.....              (no ring)
HPRegen 0.15/turn               (no ring)
MPRegen 0.10/turn               (no ring)
                                (no ring)
                                (no ring)

@: about to teleport, corroded, attractive
A: almost no armour, amphibious, 8 rings, camouflage 1, gelatinous body 1,
(nimble swimmer 1), tentacles
a: no special abilities


You were on level 5 of the Dungeon.
You visited 1 branch of the dungeon, and saw 5 of its levels.

You collected 316 gold pieces.
You spent 85 gold pieces at shops.

Inventory:

Hand Weapons
 a - a +2 dagger (weapon)
Missiles
 b - 12 poisoned darts (quivered)
 c - 3 curare-tipped darts
Jewellery
 i - a +6 ring of intelligence (right tentacle)
 n - a +6 ring of strength (left tentacle)
 o - a ring of ice
 q - an amulet of guardian spirit (around mantle)
 v - a ring of fire
Scrolls
 e - 4 scrolls of teleportation
 g - a scroll of enchant armour
 k - a scroll of poison
 l - a scroll of vulnerability
 s - a scroll of fear {unknown}
 t - a scroll of immolation {unknown}
 u - a scroll of torment {unknown}
Potions
 d - 4 potions of curing
 f - a potion of attraction
 h - 2 potions of lignification {unknown}
 j - 2 potions of ambrosia {unknown}
 m - a potion of mutation {unknown}


   Skills:
 + Level 3.8 Fighting
 * Level 5.1 Short Blades
 - Level 2.0 Throwing
 - Level 1.0 Dodging
 * Level 8.6 Stealth


You had 6 spell levels left.
You didn't know any spells.
Your spell library contained the following spells:

 Spells                   Type           Power      Damage    Failure   Level
 Petrify                  Tmut/Erth      0%         N/A       88%         4
 Alistair's Intoxication  Tmut/Pois      0%         N/A       99%         5
 Borgnjor's Vile Clutch   Necr/Erth      0%         N/A       99%         5
 Metabolic Englaciation   Hex/Ice        0%         N/A       99%         5
 Eringya's Noxious Bog    Tmut/Pois      0%         N/A       100%        6
 Statue Form              Tmut/Erth      0%         N/A       100%        6


Dungeon Overview and Level Annotations

Branches:
Dungeon (5/15)
 Temple: D:4-7

Altars:
Xom
Yredelemnul

Shops:
D:3 *   D:4 :


Innate Abilities, Weirdness & Mutations

You cannot wear most types of armour.
You are amphibious.
You can wear up to eight rings at the same time.
Your skin changes colour to match your surroundings (Stealth+).
Your rubbery body absorbs attacks. (AC +1, EV +1)
((You are camouflaged when in or above water. (Stealth+)))
You have tentacles for arms and can constrict up to eight enemies at once.


Message History

You hear a splash.
Throw: 13 darts (poison)
Press: ? - help, Q - select action, (/) - cycle Shift-Dir - straight line, f/p - ice beast
Aim: an ice beast (poison gas, 60% to hit)
You throw a poisoned dart. The poisoned dart hits the ice beast.
The ice beast is poisoned.
Unknown command.
You hit the ice beast but do no damage. You squeeze the ice beast.
The ice beast is lightly wounded.
The ice beast closely misses you. The jelly hits you but does no damage.
Unknown command.
You hit the ice beast.
Your tentacle-slap misses the ice beast.
You squeeze the ice beast.
The ice beast is heavily wounded.
You hit the ice beast. You squeeze the ice beast!
You kill the ice beast!
The jelly hits you.
You are splashed with acid!
Your Short Blades skill increases to level 5!
You hit the jelly.
Your tentacles burn!
The jelly is lightly wounded.
The white imp looks more healthy.
The jelly hits you.
You are splashed with acid!
The white imp gestures at you. The puff of frost hits you!
* * * LOW HITPOINT WARNING * * *
Okay, then.
As you read the scroll of teleportation, it crumbles to dust.
You feel strangely unstable.
The black bear is engulfed in poison gas.
The black bear is poisoned.
The jelly hits you.
* * * LOW HITPOINT WARNING * * *
The acid corrodes you!
You are splashed with acid!
* * * LOW HITPOINT WARNING * * *
The white imp closely misses you.
It was a potion of attraction.
You feel attractive to monsters.
The black bear is engulfed in poison gas.
The black bear looks even sicker.
The jelly hits you.
You die...

#####+######
....§°☼§°§§#
....§§§○§§§#
....°°§§○§§#
....☼○°§§○○#
......☼§§☼°#
#####....°§☼#
#...####§##§########
#....☼☼§○○§§@☼☼§§☼☼#
#....§§☼°§○#5J§☼☼○§#
#....§☼§☼§.#J§○§☼§§#
#...##§§°..#§○○h§§☼#
#[..##§§...#§§§§§§☼#
#..<##§....#°§§§§☼☼#
#....#.....#§§gs.§°#
#....#.....#○☼s°§###
#....#.....~~...~≈#


You could see a black bear (very poisoned), 2 scorpions, 2 jellies, a gnoll and
a white imp.

Vanquished Creatures
  An ice beast (D:5)
  An ogre (D:4)
  A necrophage (D:4)
  2 scorpions (D:4)
  A hound (D:5)
  An orc wizard (D:4)
  6 adders
  2 worms
  3 dart slugs
  6 orcs
  10 endoplasms
  6 giant cockroaches
  10 goblins
  7 hobgoblins
  2 quokkas
  8 ball pythons
  7 bats
  2 frilled lizards
  12 kobolds
  7 rats
95 creatures vanquished.

Vanquished Creatures (others)
  23 fungi (D:4)
23 creatures vanquished.

Grand Total: 118 creatures vanquished

Notes
Turn   | Place    | Note
-------+----------+-------------------------------------------
     0 | D:1      | firemarshallily the Octopode Brigand began the quest for
                  | the Orb.
     0 | D:1      | Reached XP level 1. HP: 14/14 MP: 1/1
    77 | D:1      | Reached XP level 2. HP: 19/19 MP: 2/2
   391 | D:1      | Reached XP level 3. HP: 12/24 MP: 3/3
   395 | D:1      | Reached skill level 6 in Stealth
  1142 | D:2      | Reached XP level 4. HP: 24/30 MP: 4/4
  1410 | D:2      | Identified the +1 robe of Pantheism {rN++ Will- Int-4
                  | Archmagi}
  1819 | D:3      | Found Wuycw's Assorted Antiques.
  2016 | D:3      | Bought a scroll labelled DOAXKE OFREAKI for 22 gold pieces
  2016 | D:3      | Bought a scroll labelled DEOP TOXTUUPT for 22 gold pieces
  2016 | D:3      | Bought a bubbling black potion for 19 gold pieces
  2016 | D:3      | Bought a scroll labelled OLAZXU YGOER for 22 gold pieces
  2053 | D:3      | Reached XP level 5. HP: 35/35 MP: 5/5
  2100 | D:3      | Found a faded altar of an unknown god.
  2257 | D:3      | Found a basalt altar of Yredelemnul.
  2825 | D:4      | Reached skill level 7 in Stealth
  2845 | D:4      | Reached XP level 6. HP: 29/42 MP: 3/6
  3051 | D:4      | Reached skill level 8 in Stealth
  3199 | D:4      | HP: 2/42 [something/magic dart (6)]
  3203 | D:4      | Reached XP level 7. HP: 11/46 MP: 1/7
  3604 | D:4      | Found Amoros Ucaf's Book Shop.
  3878 | D:5      | Entered Level 5 of the Dungeon
  3907 | D:5      | Found a shimmering altar of Xom.
  3922 | D:5      | Reached skill level 5 in Short Blades
  3923 | D:5      | HP: 2/47 [acid (6)]
  3924 | D:5      | Slain by a jelly

Illustrated notes

Levels and vault maps discovered:
D:1:      erik_arrival_cave_to_civilisation [erik_arrival_cave_to_hall],
          layout_basic, skrybe_limestone_x
D:2:      layout_basic, kennysheep_generic_room_10
D:3:      layout_loops_corners, mainiacjoe_overflow_boulevard,
          hellmonk_ecumenical_altar_lost_god, serial_shops, shop_fountains
D:4:      layout_rooms, serial_shops, nicolae_shop_trees, serial_aquarium,
          aquarium_bridge_long_separate [aquarium_subvault_bridge,
          aquarium_subvault_balcony, aquarium_subvault_window,
          aquarium_subvault_wall, aquarium_subvault_bridge,
          aquarium_subvault_window], aquarium_bridge_square
          [aquarium_subvault_bridge, aquarium_subvault_bridge,
          aquarium_subvault_window, aquarium_subvault_window],
          aquarium_window_1, aquarium_window_1, aquarium_window_corner,
          aquarium_view_2e, aquarium_pool_2
D:5:      layout_gridville, xom_confusion_cloud, minmay_temple_entry_sparse_star

Skill      XL: |  1  2  3  4  5  6  7 |
---------------+----------------------+-----
Stealth        | 6 7 8 |  8.6
Short Blades   | 3 4 5 |  5.1
Fighting       | 3 |  3.8
Throwing       | |  2.0
Dodging        | |  1.0

Action                   |  1- 3 |  4- 6 |  7- 9 || total
-------------------------+-------+-------+-------++-------
Melee: Dagger            |    54 |   114 |    12 ||   180
       Constrict         |    10 |    20 |     3 ||    33
       Tentacles         |     9 |    20 |     5 ||    34
       Punch             |       |     2 |       ||     2
Throw: Dart              |     1 |     7 |     4 ||    12
  Use: Scroll            |       |     5 |     4 ||     9
       Potion            |       |     4 |     1 ||     5
 Stab: Sleeping          |    19 |    21 |     1 ||    41
Armor: Skin              |     1 |    10 |     1 ||    12
Dodge: Dodged            |    12 |    31 |     7 ||    50
